 Dungeon Crawl Stone Soup version 0.23.2-33-g5129a83184 (webtiles) character file.

Game seed: 5859219777273559974

4583 mrath the Thaumaturge (level 10, -7/50 HPs)
             Began as a Gargoyle Earth Elementalist on July 11, 2019.
             Was a Priest of Sif Muna.
             Mangled by Snorg (15 damage)
             ... on level 10 of the Dungeon.
             The game lasted 01:50:55 (11402 turns).

mrath the Thaumaturge (GrEE)                       Turns: 11402, Time: 01:50:55

Health: -7/50      AC: 16    Str: 13    XL:     10   Next: 41%
Magic:  15/23      EV: 12    Int: 20    God:    Sif Muna [***...]
Gold:   181        SH:  4    Dex: 10    Spells: 9/28 levels left

rFire    . . .     SeeInvis .   s - +2 whip (freeze)
rCold    + . .     Gourm    .   (no shield)
rNeg     + . .     Faith    .   h - +2 leather armour {rC+}
rPois    ∞         Spirit   .   r - +1 helmet
rElec    +         Reflect  +   W - scarf {repulsion}
rCorr    .         Harm     .   w - +1 pair of gloves
MR       .....                  (no boots)
Stlth    ++........             F - +4 amulet of reflection
HPRegen  0.16/turn              l - ring of wizardry
MPRegen  0.18/turn              R - +2 ring of intelligence

@: about to teleport, repel missiles
A: negative energy resistance 1, electricity resistance, unbreathing,
petrification resistance, rot immunity, AC +7
a: Divine Energy, Channel Magic, Renounce Religion


You were on level 10 of the Dungeon.
You worshipped Sif Muna.
Sif Muna was most pleased with you.
You were not hungry.

You visited 2 branches of the dungeon, and saw 11 of its levels.
You also visited: Ossuary.

You collected 482 gold pieces.
You spent 301 gold pieces at shops.

Inventory:

Hand Weapons
 o - a +0 hunting sling
 q - a +0 war axe
 s - a +2 whip of freezing (weapon)
 t - a +0 flail
 L - a +1 long sword of slicing
Missiles
 b - 121 stones (quivered)
 n - 4 needles of sleeping
 y - 12 javelins
 C - 52 poisoned needles
 O - 25 tomahawks
 U - 21 sling bullets
Armour
 h - a +2 leather armour of cold resistance (worn)
 m - a cursed +0 helmet
 r - a +1 helmet (worn)
 w - a +1 pair of gloves (worn)
 B - a +0 cloak
 W - a scarf of repulsion (worn)
Magical Staves
 Y - an uncursed staff of poison
Jewellery
 c - an uncursed amulet of guardian spirit {unknown}
 l - a ring of wizardry (left hand)
 F - a +4 amulet of reflection (around neck)
 G - an uncursed ring of fire
 R - a +2 ring of intelligence (right hand)
Wands
 E - a wand of flame (15)
 H - a wand of clouds (4)
 T - a wand of polymorph (4)
 V - a wand of iceblast (12)
Scrolls
 a - 8 scrolls of remove curse
 g - 2 scrolls of teleportation
 k - 4 scrolls of identify
 p - 2 scrolls of magic mapping {unknown}
 v - 4 scrolls of amnesia {unknown}
 x - 2 scrolls of enchant armour
 z - 5 scrolls of fog
 J - 3 scrolls of enchant weapon
 P - 3 scrolls of blinking {unknown}
 X - a scroll of holy word {unknown}
Potions
 e - 2 potions of lignification {unknown}
 f - a potion of ambrosia {unknown}
 i - a potion of magic {unknown}
 j - 2 potions of agility {unknown}
 u - 2 potions of might
 A - 7 potions of curing
 D - a potion of degeneration {unknown}
 I - 6 potions of haste
 K - 2 potions of heal wounds {unknown}
 M - 3 potions of invisibility {unknown}
 N - 2 potions of brilliance {unknown}
 Q - a potion of berserk rage {unknown}
Comestibles
 d - 15 rations


   Skills:
 + Level 2.7 Armour
 + Level 2.7 Dodging
 - Level 2.2 Stealth
 * Level 9.7 Spellcasting
 + Level 7.1 Conjurations
 - Level 0.7 Transmutations
 + Level 9.6 Earth Magic
 + Level 1.0 Invocations


You had 9 spell levels left.
You knew the following spells:

 Your Spells              Type           Power        Failure   Level  Hunger
a - Sandblast             Erth           #####.       1%          1    None
b - Stone Arrow           Conj/Erth      #####.       1%          3    None
c - Lee's Rapid Deconstr  Erth           #####.....   1%          5    #####..
d - Conjure Flame         Conj/Fire      ###.....     2%          3    None
e - Mephitic Cloud        Conj/Pois/Air  ###.....     4%          3    None
f - Petrify               Tmut/Erth      ####....     4%          4    ##.....

Your spell library contained the following spells:

 Spells                   Type           Power        Failure   Level  Hunger
 Magic Dart               Conj           ####         1%          1    None
 Passwall                 Tmut/Erth      ####....     1%          2    None
 Summon Small Mammal      Summ           #...         3%          1    None
 Blink                    Tloc           N/A          6%          2    None
 Call Imp                 Summ           #.......     6%          2    None
 Slow                     Hex            #.......     6%          2    None
 Call Canine Familiar     Summ           #.......     11%         3    None
 Summon Guardian Golem    Hex/Summ       #.......     11%         3    None
 Summon Ice Beast         Ice/Summ       #.......     32%         4    ##.....
 Summon Lightning Spire   Summ/Air       #.......     32%         4    ##.....


Dungeon Overview and Level Annotations

Branches:
Dungeon (10/15)            Temple (1/1) D:5
   Lair: D:8-11         Orc: D:9-12

Altars:
Cheibriados
Elyvilon
Fedhas
Hepliaklqana
Kikubaaqudgha
Makhleb
Nemelex Xobeh
Okawaru
Qazlal
Ru
Sif Muna
Trog
Uskayaw
Wu Jian
Xom
Yredelemnul
The Shining One

Shops:
D:8 %*

Annotations:
D:3 Grinder
D:8 Gastronok
D:10 Snorg


Innate Abilities, Weirdness & Mutations

You are resistant to torment.
Your stone body is resilient. (AC +7)
You are immune to poison.
You resist negative energy. (rN+)
You are resistant to electric shocks. (rElec)
You can survive without breathing.
You are immune to petrification.
You are immune to rotting.


Message History

Snorg rages.
Snorg bites you. Snorg closely misses you. Snorg misses you.
Snorg rages.
Snorg barely misses you. Snorg closely misses you. Snorg claws you!
There is an open door here.
Casting: Lee's Rapid Deconstruction (safe; 1% risk of failure)
Confirm with . or Enter, or press ? or * to list all spells.
Aiming: Stone Arrow (safe; 1% risk of failure)
Press: ? - help, Shift-Dir - straight line, f/p - Snorg
Aim: Snorg (lightly wounded, berserk, fast, unusually strong)
The stone arrow hits Snorg!
Snorg is lightly wounded.
Snorg bites you!!
* * * LOW HITPOINT WARNING * * *
Snorg claws you!
* * * LOW HITPOINT WARNING * * *
You block Snorg's attack.
As you read the scroll of teleportation, it crumbles to dust.
You feel strangely unstable. Snorg bites you!
You die...

............#T#.......
#...........#.'.......
######.#######.......
#..# ####### #.## #.#
##.# #T.# #####@####
###+##### #........###
#........
#........'.###........
#........#..##........
+........##..+........
#........#####........
#........# #........
#........# #....>...
#........# #........


You could see Snorg (berserk).

Vanquished Creatures
  Joseph (D:7)
  2 hippogriffs
  Prince Ribbit (D:8)
  A shadow (D:7)
  2 sky beasts
  3 orc warriors
  2 phantoms
  4 ogres
  An ice beast (D:8)
  2 centaurs
  A big kobold (D:8)
  A gnoll sergeant (D:7)
  A bullfrog (D:6)
  11 scorpions
  3 howler monkeys
  8 crimson imps
  4 centaur zombies
  3 hounds
  2 jellies
  A gnoll shaman (D:8)
  An orc priest (D:5)
  A bullfrog skeleton (D:8)
  5 orc wizards
  2 iguanas
  Jessica (D:3)
  Ijyb (D:3)
  A centaur skeleton (D:6)
  7 worker ants
  2 big kobold zombies (Ossuary)
  A hound zombie (D:5)
  3 mummies (Ossuary)
  A howler monkey skeleton (D:4)
  3 scorpion zombies (Ossuary)
  11 adders
  7 gnolls
  A shadow imp (D:6)
  An ooze (D:5)
  3 worms
  4 leopard geckos
  23 orcs
  4 giant cockroaches
  4 gnoll zombies (Ossuary)
  13 goblins
  4 hobgoblins
  10 jackals
  8 kobolds
  A quokka (D:6)
  4 ball pythons
  9 bats
  2 frilled lizards
  A hobgoblin zombie (Ossuary)
  A kobold zombie (Ossuary)
  A leopard gecko skeleton (D:7)
  3 orc zombies (Ossuary)
  3 quokka skeletons
  A rat (D:1)
202 creatures vanquished.

Vanquished Creatures (others)
  A goblin zombie (Ossuary)
1 creature vanquished.

Grand Total: 203 creatures vanquished

Notes
Turn   | Place    | Note
-------+----------+-------------------------------------------
     0 | D:1      | mrath the Gargoyle Earth Elementalist began the quest for
                  | the Orb.
     0 | D:1      | Reached XP level 1. HP: 10/10 MP: 3/3
   404 | D:1      | Reached XP level 2. HP: 12/15 MP: 5/5
   645 | D:2      | Reached XP level 3. HP: 18/19 MP: 4/7
  1053 | D:2      | Learned a level 3 spell: Stone Arrow
  1066 | D:2      | Reached XP level 4. HP: 24/24 MP: 8/8
  1417 | D:2      | Found an ornate altar of the Wu Jian Council.
  1675 | D:2      | Noticed an ice beast
  1778 | D:3      | Noticed Grinder
  1933 | D:3      | Paralysed by Grinder for 4 turns
  1948 | D:3      | Paralysed by Grinder for 2 turns
  2070 | D:3      | Found a blossoming altar of Fedhas.
  2192 | D:3      | Noticed Jessica
  2193 | D:3      | Killed Jessica
  2193 | D:3      | Reached skill level 5 in Earth Magic
  2193 | D:3      | Reached XP level 5. HP: 28/28 MP: 6/10
  2409 | D:3      | Noticed Ijyb
  2460 | D:3      | Killed Ijyb
  2701 | D:3      | Paralysed by Grinder for 2 turns
  3115 | D:4      | Reached skill level 1 in Conjurations
  3155 | D:4      | Reached XP level 6. HP: 32/32 MP: 12/12
  3749 | D:5      | Entered Level 5 of the Dungeon
  4035 | D:5      | Noticed a phantom
  4100 | D:5      | Reached skill level 5 in Spellcasting
  4172 | D:5      | Killed a phantom
  4172 | D:5      | Reached XP level 7. HP: 35/36 MP: 2/14
  4585 | D:5      | Found a bloodstained altar of Trog.
  4789 | D:5      | Found a shimmering altar of Xom.
  4877 | D:5      | Found a staircase to the Ecumenical Temple.
  4884 | Temple   | Entered the Ecumenical Temple
  4892 | Temple   | Became a worshipper of Sif Muna the Loreminder
  4911 | Temple   | Learned a level 5 spell: Lee's Rapid Deconstruction
  5325 | D:6      | Reached XP level 8. HP: 34/41 MP: 17/17
  5397 | D:6      | Found a sand-covered staircase.
  5406 | Ossuary  | Entered an ossuary
  5580 | Ossuary  | Reached * piety under Sif Muna
  6543 | D:6      | Reached ** piety under Sif Muna
  6721 | D:6      | Reached skill level 5 in Conjurations
  6721 | D:6      | Reached XP level 9. HP: 45/45 MP: 10/20
  6866 | D:6      | Found a hazy altar of Hepliaklqana.
  6893 | D:7      | Noticed Joseph
  7031 | D:7      | Killed Joseph
  7576 | D:7      | Found a snail-covered altar of Cheibriados.
  7721 | D:7      | Reached *** piety under Sif Muna
  8578 | D:8      | Reached skill level 1 in Armour
  8714 | D:8      | Found a glowing golden altar of the Shining One.
  8821 | D:8      | Found Sulum's General Store.
  8831 | D:8      | Bought a scroll of noise for 14 gold pieces
  8831 | D:8      | Bought a potion of haste for 140 gold pieces
  8831 | D:8      | Bought a scroll of enchant weapon for 105 gold pieces
  8831 | D:8      | Bought a potion of curing for 42 gold pieces
  8836 | D:8      | Learned a level 3 spell: Conjure Flame
  8840 | D:8      | Learned a level 3 spell: Mephitic Cloud
  8845 | D:8      | Learned a level 4 spell: Petrify
  8896 | D:8      | Reached XP level 10. HP: 50/50 MP: 10/23
  8969 | D:8      | Found a deep blue altar of Sif Muna.
  9038 | D:8      | Found Gine's Food Shoppe.
  9296 | D:8      | Noticed Prince Ribbit
  9301 | D:8      | Killed Prince Ribbit
  9591 | D:8      | Noticed Gastronok
  9661 | D:8      | Found a white marble altar of Elyvilon.
 10879 | D:9      | Found an iron altar of Okawaru.
 10942 | D:9      | Reached skill level 1 in Invocations
 11222 | D:10     | Entered Level 10 of the Dungeon
 11384 | D:10     | Noticed Snorg
 11402 | D:10     | Mangled by Snorg

Skill      XL: |  1  2  3  4  5  6  7  8  9 10 |
---------------+-------------------------------+-----
Earth Magic    | 4 5 6 7 9 |  9.6
Spellcasting   | 3 4 5 6 7 9 |  9.7
Conjurations   | 1 2 3 5 6 7 |  7.1
Armour         | 1 2 |  2.7
Dodging        | 2 |  2.7
Invocations    | 1 |  1.0
Stealth        | |  2.2
Transmutations | |  0.7

Action                   |  1- 3 |  4- 6 |  7- 9 | 10-12 || total
-------------------------+-------+-------+-------+-------++-------
Melee: Whip              |    43 |   152 |   305 |    12 ||   512
       Unarmed           |       |     1 |       |       ||     1
 Cast: Sandblast         |    23 |    10 |    16 |    10 ||    59
       Stone Arrow       |       |    20 |    94 |    40 ||   154
       Lee's Rapid Decon |       |       |     6 |    14 ||    20
       Conjure Flame     |       |       |       |     1 ||     1
       Mephitic Cloud    |       |       |       |     1 ||     1
  Use: Scroll            |       |     2 |     6 |     2 ||    10
       Potion            |       |     1 |     1 |       ||     2
 Stab: Sleeping          |     1 |     1 |     2 |     1 ||     5
  Eat: Chunk             |     1 |     8 |     9 |     1 ||    19
       Ration            |       |     1 |     3 |     3 ||     7
Armor: Robe              |    14 |    34 |       |       ||    48
       Leather armour    |       |     8 |   153 |    21 ||   182
       Skin              |       |       |     1 |       ||     1
Dodge: Dodged            |    35 |    97 |   163 |    29 ||   324
Block: Other             |       |    17 |    54 |     8 ||    79
       Reflection        |       |     1 |     1 |     1 ||     3
